 Dungeon Crawl Stone Soup version 0.23.0 (webtiles) character file.

Game seed: 2334190933019360418

34 Lanoc the Skirmisher (level 3, -22/29 HPs)
             Began as a Demonspawn Chaos Knight on Feb 10, 2019.
             Was a Plaything of Xom.
             Annihilated by an ogre
             ... wielding a +0 giant club
              (27 damage)
             ... on level 2 of the Dungeon.
             The game lasted 00:02:49 (1283 turns).

Lanoc the Skirmisher (Demonspawn Chaos Knight)      Turns: 1283, Time: 00:02:49

Health: -22/29     AC:  7    Str: 10 (11) XL:     3   Next: 14%
Magic:  3/3        EV: 11    Int:  8 (11) God:    Xom [......]
Gold:   81         SH:  5    Dex: 11 (12) Spells: 2/2 levels left

rFire    . . .     SeeInvis .   a - +0 falchion (chaos)
rCold    . . .     Gourm    .   e - +2 buckler
rNeg     . . .     Faith    .   b - +2 leather armour
rPois    .         Spirit   .   (no helmet)
rElec    .         Reflect  .   (no cloak)
rCorr    .         Harm     .   (no gloves)
MR       .....     Rnd*Tele +   (no boots)
Stlth    ++........             (no amulet)
HPRegen  0.09/turn              f - ring of teleportation (curse)
MPRegen  0.08/turn              (no ring)

@: no status effects
A: icy blue scales 1, deterioration 1, dopey 1, nightstalker 1, weak 1
a: Renounce Religion


You were on level 2 of the Dungeon.
You worshipped Xom.
You were a very special plaything of Xom.
You were not hungry.

You visited 1 branch of the dungeon, and saw 2 of its levels.

You collected 81 gold pieces.

Inventory:

Hand Weapons
 a - a +0 falchion of chaos (weapon)
Missiles
 l - 13 arrows
Armour
 b - a +2 leather armour (worn)
 e - a +2 buckler (worn)
Jewellery
 f - a cursed ring of teleportation (left hand)
Scrolls
 d - a scroll of enchant weapon {unknown}
 h - a scroll of remove curse {unknown}
 j - 3 scrolls of teleportation {unknown}
 k - a scroll of identify {unknown}
Comestibles
 c - a ration


   Skills:
 + Level 3.4 Fighting
 - Level 2.6 Long Blades
 + Level 2.3 Armour
 + Level 1.7 Dodging


You had 2 spell levels left.
You didn't know any spells.
Your spell library was empty.

Dungeon Overview and Level Annotations

Branches:
Dungeon (2/15)

Altars:


Innate Abilities, Weirdness & Mutations

You are partially covered in icy blue scales. (AC +2)
You are slightly more attuned to the shadows.
Your body sometimes deteriorates upon taking damage.
You are dopey. (Int -2)
You are weak. (Str -2)


Message History

The ogre misses you.
You slash the ogre!
The ogre goes berserk!
The ogre is moderately wounded.
The ogre hits you with a +0 giant club!!
Ouch! That really hurt!
* * * LOW HITPOINT WARNING * * *
The ogre hits you with a +0 giant club!!
Ouch! That really hurt!
You die... "Oh, no, you don't!"
Xom revives you!
You aren't carrying any potions.
Okay, then.
You aren't carrying any items that you can evoke.
Your shield and leather armour prevent you from hitting the ogre.
The ogre is moderately wounded.
The ogre hits you with a +0 giant club!!
Ouch! That really hurt!
You die...
Xom thinks this is hilarious!

...# #.##.#.########. # ...#
#.##.#.>........##### ...#
######.##.#..............# ...#
#.........#..............#
§..#####.####.####..............#
......##.# #.# #..............#
.#.#####(####(# #..............(
.#.# #..(.(.####<########.....#
.#.#####...)#.)O@................
.........##...####.##...#########
.#.####.##...## #.# ..# .#.#
#...###.## #.# .# .#.# #.###....#
#.# . .#.# .. ####.####.# .#.#
#.........# .#.# ###.#.....##.
#.†..........


You could see an ogre (berserk).

Vanquished Creatures
  An ooze (D:2)
  6 giant cockroaches
  5 goblins
  2 hobgoblins
  4 kobolds
  A ball python (D:2)
  3 bats
  A frilled lizard (D:2)
  3 rats (D:2)
26 creatures vanquished.

Notes
Turn   | Place    | Note
-------+----------+-------------------------------------------
     0 | D:1      | Lanoc the Demonspawn Chaos Knight began the quest for the
                  | Orb.
     0 | D:1      | Reached XP level 1. HP: 18/18 MP: 1/1
    25 | D:1      | Reached skill level 1 in Dodging
   302 | D:1      | Gained mutation: You are slightly more attuned to the
                  | shadows. [demonic ancestry]
   302 | D:1      | Reached XP level 2. HP: 21/24 MP: 2/2
   310 | D:1      | XOM: harmless Conj miscast
   614 | D:1      | XOM: give mutations
   614 | D:1      | Gained mutation: Your body sometimes deteriorates upon
                  | taking damage. [Xom's mischief]
   614 | D:1      | Gained mutation: You are dopey. (Int -2) [Xom's mischief]
   614 | D:1      | Gained mutation: You are weak. (Str -2) [Xom's mischief]
   764 | D:2      | Noticed an ogre
   767 | D:2      | XOM: summons 1 hostile demon
   769 | D:2      | XOM: medium Air miscast
   944 | D:2      | XOM: stat loss: -1 Int (10/11)
   984 | D:2      | XOM: confusion
   986 | D:2      | XOM: summons 1 hostile demon
   991 | D:2      | HP: 1/24 [iron imp[Xom] (6)]
   997 | D:2      | XOM: butterfly on damage
  1089 | D:2      | Gained mutation: You are partially covered in icy blue
                  | scales. (AC +2) [demonic ancestry]
  1089 | D:2      | Reached XP level 3. HP: 16/29 MP: 3/3
  1282 | D:2      | Xom revived you
  1283 | D:2      | Annihilated by an ogre

Skill      XL: |  1 |
---------------+----+-----
Dodging        | 1 |  1.7
Armour         | 2 |  2.3
Fighting       | |  3.4
Long Blades    | |  2.6

Action                   || total
-------------------------++-------
Melee: Falchion          ||    74
  Use: Potion            ||     2
 Stab: Invisible         ||     3
       Paralysed         ||     3
       Sleeping          ||     1
  Eat: Chunk             ||     1
Armor: Leather armour    ||    25
Dodge: Dodged            ||    44
Block: Buckler           ||    19
       Rpst.: Falchion   ||    15
